 Dungeon Crawl Stone Soup version 0.30-b1-2-g02819fbbbe (webtiles) character file.

Game seed: 8125074406436807416

12317 Fartwhistle the Martial Artist (level 11, -14/100 HPs)
             Began as a Naga Transmuter on May 24, 2023.
             Was a Priest of Cheibriados.
             Demolished by a komodo dragon (23 damage)
             ... on level 11 of the Dungeon.
             The game lasted 00:59:38 (13663 turns).

Fartwhistle the Martial Artist (Naga Transmuter)   Turns: 13663, Time: 00:59:39

Health: -14/100    AC:  7    Str: 19    XL:     11   Next: 91%
Magic:  22/22      EV: 14    Int: 25    God:    Cheibriados [***...]
Gold:   583        SH:  0    Dex: 27    Spells: 9/25 levels left

rFire   + .          .
                       - Unarmed
rCold   + . .        (no shield)
rNeg    + . .        r - +2 robe {rF+}
rPois   +            p - +0 helmet "Cuesu" {rElec rPois rN+ Dex+8 Stlth-}
rElec   +            (no cloak)
rCorr   .            (no gloves)
SInv    +            (no barding)
Will    +....        w - amulet of the acrobat
Stlth   +            v - ring of protection from cold
HPRegen 0.36/turn    y - ring of flight
MPRegen 0.18/turn

%: acrobat
@: flying, very slow
A: AC +3, large, see invisible, deformed body, poison resistance, slowness 2,
spit poison 1, naga tail 1
a: Spit Poison, Renounce Religion, Bend Time, Temporal Distortion


You were on level 11 of the Dungeon.
You worshipped Cheibriados.
Cheibriados was most pleased with you.
You visited 2 branches of the dungeon, and saw 12 of its levels.
You also visited: Sewer and Ice Cave.

You collected 679 gold pieces.
You spent 96 gold pieces at shops.

Inventory:

Missiles
 i - 6 boomerangs
 t - 34 poisoned darts
Armour
 a - a +0 robe
 p - the +0 helmet "Cuesu" (worn) {rElec rPois rN+ Dex+8 Stlth-}
   (You found it on level 2 of the Dungeon)

   Dex:       It affects your dexterity (+8).
   rElec:     It insulates you from electricity.
   rPois:     It protects you from poison.
   rN:        It protects you from negative energy.
   Stlth:     It makes you less stealthy.
 q - a +0 leather armour
 r - a +2 robe of fire resistance (worn)
 s - a +0 troll leather armour
 J - +0 acid dragon scales
Magical Staves
 K - a staff of poison
Jewellery
 e - an amulet of guardian spirit
 v - a ring of protection from cold (left hand)
 w - an amulet of the acrobat (around neck)
 y - a ring of flight (right hand)
Wands
 I - a wand of paralysis (12)
 M - a wand of flame (10)
 R - a wand of polymorph (6)
 S - a wand of roots (2)
Scrolls
 c - 6 scrolls of vulnerability
 d - 2 scrolls of enchant armour
 g - 2 scrolls of torment {unknown}
 h - 9 scrolls of teleportation
 j - a scroll of silence
 k - 5 scrolls of fog
 l - 3 scrolls of blinking
 m - a scroll of enchant weapon
 x - a scroll of immolation {unknown}
 E - a scroll of fear
 F - a scroll of noise
 H - a scroll of brand weapon {unknown}
 N - a scroll of poison {unknown}
 P - 2 scrolls of butterflies {unknown}
 Q - 3 scrolls of identify
Potions
 b - 2 potions of lignification
 f - 4 potions of curing
 n - 2 potions of mutation {unknown}
 u - 7 potions of attraction
 z - a potion of berserk rage
 A - 2 potions of magic {unknown}
 B - 4 potions of might
 C - 2 potions of brilliance
 D - 2 potions of cancellation
 G - 2 potions of ambrosia {unknown}
 O - a potion of flight {unknown}


   Skills:
 - Level 7.5 Fighting
 + Level 5.3 Dodging
 + Level 8.3 Unarmed Combat
 + Level 7.7 Spellcasting
 + Level 5.7 Conjurations
 - Level 7.0 Transmutations
 - Level 3.0 Ice Magic
 - Level 3.0 Air Magic
 - Level 5.0 Poison Magic
 + Level 3.7 Evocations


You had 9 spell levels left.
You knew the following spells:

 Your Spells              Type           Power      Damage    Failure   Level
a - Beastly Appendage     Tmut           88%        N/A       1%          1
b - Spider Form           Tmut/Pois      39%        N/A       1%          3
c - Ice Form              Ice/Tmut       34%        N/A       8%          4
d - Mephitic Cloud        Conj/Pois/Air  32%        N/A       2%          3
e - Irradiate             Conj/Tmut      20%        3d18      13%         5

Your spell library contained the following spells:

 Spells                   Type           Power      Damage    Failure   Level
 Poisonous Vapours        Pois/Air       58%        N/A       1%          2
 Wereblood                Tmut           44%        N/A       1%          2
 Sublimation of Blood     Necr           9%         N/A       10%         2
 Petrify                  Tmut/Erth      27%        N/A       14%         4
 Alistair's Intoxication  Tmut/Pois      26%        N/A       14%         5
 Inner Flame              Hex/Fire       9%         N/A       19%         3
 Flame Wave               Conj/Fire      23%        2d8       19%         4
 Sticky Flame             Conj/Fire      23%        2d4       19%         4
 Freezing Cloud           Conj/Ice/Air   14%        6-21      34%         5
 Anguish                  Hex/Necr       4%         N/A       52%         4
 Eringya's Noxious Bog    Tmut/Pois      19%        N/A       63%         6
 Borgnjor's Vile Clutch   Necr/Erth      4%         N/A       86%         5
 Enfeeble                 Hex            4%         N/A       100%        7


Dungeon Overview and Level Annotations

Branches:
Dungeon (11/15)            Temple (1/1) D:7            Lair (0/5) D:9
    Orc (0/2) D:11          Sewer (visited)           IceCv (visited)

Altars:
Ashenzari
Cheibriados
Dithmenos
Elyvilon
Fedhas
Gozag
Hepliaklqana
Kikubaaqudgha
Makhleb
Nemelex Xobeh
Okawaru
Qazlal
Ru
Sif Muna
Trog
Uskayaw
Vehumet
Wu Jian
Xom
Yredelemnul
Zin
The Shining One

Shops:
D:6 ?

Annotations:
D:8 exclusion: downstairs
D:11 Maurice


Innate Abilities, Weirdness & Mutations

Your serpentine skin is tough. (AC +3)
You have supernaturally acute eyesight. (SInv)
Armour fits poorly on your strangely shaped body.
Your system is resistant to poisons. (rPois)
You cover ground very slowly.
You can spit poison.
You have a snake-like lower body.


Message History

Cheibriados appreciates the change of pace.
The very large slime creature hits you!
You smack the very large slime creature!
The very large slime creature is lightly wounded.
The very large slime creature hits you!!
* * * LOW HITPOINT WARNING * * *
A slime creature comes into view.
The slime creature quivers.
You pummel the very large slime creature!!
You punch the very large slime creature!
The very large slime creature is moderately wounded.
The very large slime creature hits you!!
* * * LOW HITPOINT WARNING * * *
You feel much better.
The very large slime creature hits you!!
* * * LOW HITPOINT WARNING * * *
As you read the scroll of fear, it crumbles to dust.
You assume a fearsome visage.
The very large slime creature looks frightened!
The slime creature looks frightened!
The slime creature jiggles.
It was a potion of cancellation.
Your magical effects are unravelling.
You feel magically purged.
You feel less wooden.
The +0 helmet "Cuesu" {rElec rPois rN+ Dex+8 Stlth-} unmelds from your body.
Your +2 robe of fire resistance unmelds from your body.
You feel resistant to fire.
The very large slime creature seems to regain its courage.
Two slime creatures merge to form a very large slime creature.
Two slime creatures merge to form an enormous slime creature.
Okay, then.
Two slime creatures merge to form an enormous slime creature.
There is an ice choked empty arch of ancient stone here.
There is an ice covered gate leading back out of this place here.
Welcome back to the Dungeon!
Level annotation: Maurice The orc shouts!
You hear a shout!
You hear a howl!
The komodo dragon bites you!!
You die...

...#**++*****,,,,>,,**,,,,,*,,,,,
....,*,,,,...>..,,,,..#,,,,****,,
,,,,,,,,,.......,,*...,,******,,,
,,,,,,,,..o.....,##..*,.* *,,,,
,,,,,,,.......o.,.h.##..* **,,,,
,,*^,,,.........,.......****,,,,,
****,,,.........#.......,,,,,,,,,
*,,,,,,,.......#.#..Z..#,,,,***,,
,,,,,,,.......#.@.#...,*,***,**,,
,,,,©,,...,#...#l#..#,,****,,,,,,
*******##..##...#..##,,*****,,,,,
*8,,,,,8##.#.......#*,,,,**,,,,,,
,,,,,,,.y#...#..##.....,,,,,,,,,,
,,*,©,*..#.#.#..##..###,,,,,,,,,,
,*,,,,,#.#,#.....#....,,,,,,,,,,,
,,,,,,,H.*,#<......####,,*,,,,,,,
,*,,,,,#.#$........# **,*****,,,


You could see a komodo dragon, a howler monkey (wandering), 2 orcs and a
hobgoblin zombie.

Vanquished Creatures
  Erica (D:8)
  4 two-headed ogres
  Amaemon (D:8)
  Pikel (D:8)
  An orange demon (D:8)
  Maggie (D:8)
  Psyche (D:8)
  2 trolls
  2 slime creatures (IceCv)
  2 wyverns
  Grum (D:9)
  2 wraiths (D:10)
  15 yaks
  A steam dragon (D:7)
  5 water moccasins (D:9)
  2 acid dragons
  An ice beast (D:6)
  3 orc warriors (D:10)
  A great orb of eyes simulacrum (IceCv)
  A black bear (D:7)
  2 wolves (D:9)
  2 centaurs (D:8)
  2 lemures
  4 kobold brigands
  2 bullfrogs (D:9)
  2 scorpions
  A gnoll sergeant (D:10)
  3 wights (D:8)
  11 killer bees
  An electric eel (D:10)
  2 howler monkeys
  5 hounds
  3 jellies
  10 orc priests
  2 sleepcaps
  7 orc wizards
  Robin (D:3)
  8 gnolls
  3 river rats (Sewer)
  11 adders
  2 shadow imps (D:6)
  2 ufetubi
  A dart slug (D:1)
  2 worms
  30 orcs
  5 endoplasms
  3 giant cockroaches
  16 goblins
  9 hobgoblins
  6 jackals
  2 quokkas
  6 ball pythons
  3 bats
  7 frilled lizards
  11 kobolds
  7 rats
  A butterfly (D:7)
243 creatures vanquished.

Vanquished Creatures (others)
  27 fungi
  35 plants
62 creatures vanquished.

Grand Total: 305 creatures vanquished

Notes
Turn   | Place    | Note
-------+----------+-------------------------------------------
     0 | D:1      | Fartwhistle the Naga Transmuter began the quest for the
                  | Orb.
     0 | D:1      | Reached XP level 1. HP: 18/18 MP: 3/3
   219 | D:1      | Reached XP level 2. HP: 20/25 MP: 3/5
  1163 | D:2      | Reached XP level 3. HP: 28/31 MP: 3/6
  1888 | D:2      | Found a faded altar of an unknown god.
  1892 | D:2      | Identified the +0 helmet "Cuesu" {rElec rPois rN+ Dex+8
                  | Stlth-}
  2017 | D:2      | Learned a level 3 spell: Spider Form
  2042 | D:3      | Reached XP level 4. HP: 37/38 MP: 6/8
  2569 | D:3      | Reached skill level 1 in Poison Magic
  2569 | D:3      | Reached XP level 5. HP: 38/44 MP: 2/9
  2730 | D:3      | Noticed Robin
  2743 | D:3      | Killed Robin
  3962 | D:4      | Found a radiant altar of Vehumet.
  3987 | D:4      | Found a sacrificial altar of Ru.
  4048 | D:4      | Reached XP level 6. HP: 23/52 MP: 4/11
  4311 | D:5      | Entered Level 5 of the Dungeon
  4432 | D:5      | Found a glowing drain.
  4447 | Sewer    | Entered a sewer
  4487 | Sewer    | Reached skill level 4 in Unarmed Combat
  5028 | Sewer    | Reached XP level 7. HP: 62/62 MP: 8/13
  5137 | D:5      | Learned a level 4 spell: Ice Form
  5336 | D:5      | Reached skill level 1 in Ice Magic
  6191 | D:6      | Reached skill level 5 in Transmutations
  6605 | D:6      | You are sucked into a shaft and drop 3 floors!
  6610 | D:9      | Noticed a two-headed ogre
  6614 | D:9      | Noticed a two-headed ogre
  6643 | D:8      | Noticed Pikel
  6650 | D:8      | Reached XP level 8. HP: 63/72 MP: 10/14
  6679 | D:8      | Noticed Erica
  7094 | D:6      | Found Lex Yly's Magic Scroll Shop.
  7102 | D:6      | Bought a scroll of fear for 48 gold pieces
  7102 | D:6      | Bought a scroll of identify for 24 gold pieces
  7102 | D:6      | Bought a scroll of identify for 24 gold pieces
  7530 | D:7      | Noticed a troll
  7539 | D:7      | Killed a troll
  7540 | D:7      | Reached skill level 5 in Fighting
  7864 | D:7      | Noticed a wyvern
  7877 | D:7      | Killed a wyvern
  8102 | D:7      | Reached XP level 9. HP: 80/81 MP: 15/15
  8569 | D:7      | Found a staircase to the Ecumenical Temple.
  8744 | D:7      | Learned a level 3 spell: Mephitic Cloud
  8833 | Temple   | Entered the Ecumenical Temple
  9021 | Temple   | Became a worshipper of Cheibriados the Contemplative
  9159 | D:8      | Noticed Psyche
  9163 | D:8      | Noticed Amaemon
  9174 | D:8      | Killed Psyche
  9181 | D:8      | Noticed an orange demon
  9191 | D:8      | Killed Amaemon
  9192 | D:8      | Reached skill level 1 in Air Magic
  9237 | D:8      | Killed an orange demon
  9318 | D:8      | Found a sparkling altar of Nemelex Xobeh.
  9354 | D:8      | Killed Erica
  9355 | D:8      | Reached skill level 5 in Unarmed Combat
  9355 | D:8      | Reached skill level 5 in Poison Magic
  9355 | D:8      | Reached XP level 10. HP: 88/91 MP: 10/17
  9359 | D:8      | Reached skill level 5 in Spellcasting
  9429 | D:8      | Found a broken altar of Ashenzari.
  9556 | D:8      | Learned a level 5 spell: Irradiate
  9574 | D:8      | Noticed Maggie
 10044 | D:8      | Killed Maggie
 10045 | D:8      | Reached skill level 6 in Unarmed Combat
 10140 | D:8      | Killed Pikel
 10140 | D:8      | Reached * piety under Cheibriados
 10779 | D:9      | Killed a two-headed ogre
 10780 | D:9      | Reached skill level 7 in Unarmed Combat
 10794 | D:9      | Reached XP level 11. HP: 74/100 MP: 2/21
 11156 | D:9      | Found a staircase to the Lair.
 11374 | D:9      | Noticed Grum
 11393 | D:9      | Killed Grum
 11394 | D:9      | Reached skill level 1 in Evocations
 11492 | D:9      | Reached ** piety under Cheibriados
 11563 | D:9      | Killed a two-headed ogre
 11930 | D:10     | Entered Level 10 of the Dungeon
 12429 | D:10     | Noticed a two-headed ogre
 12438 | D:10     | Killed a two-headed ogre
 12439 | D:10     | Reached skill level 5 in Conjurations
 12613 | D:10     | Reached skill level 8 in Unarmed Combat
 12627 | D:10     | Reached *** piety under Cheibriados
 12875 | D:10     | Reached skill level 5 in Dodging
 12875 | D:10     | Noticed a two-headed ogre
 12883 | D:10     | Killed a two-headed ogre
 13387 | D:10     | Found a glowing silver altar of Zin.
 13460 | D:11     | Noticed Maurice
 13532 | D:11     | Found a frozen archway.
 13544 | D:11     | Noticed a manticore
 13550 | IceCv    | Entered an ice cave
 13651 | IceCv    | HP: 2/150 [very large slime creature (33)]
 13663 | D:11     | Demolished by a komodo dragon

Illustrated notes

Levels and vault maps discovered:
D:1:      ncdulo_smallfort, layout_basic, chequers_garden,
          minmay_misc_feat_cross
D:2:      layout_loops_corners, shapermc_ecumenical_altar_mp_ritualfount
D:3:      wander_river, layout_loops_ring, minmay_stone_trees_small,
          grunt_decor_cap, uniq_robin
D:4:      layout_basic, mainiacjoe_overflow_two_lobes
D:5:      layout_basic, cheibrodos_sewer_entry_bend
D:6:      layout_basic, serial_shops, nicolae_shop_statue_plus
D:7:      layout_layer_cave, minmay_temple_entry_butterflies
D:8:      layout_loops_ring, mainiacjoe_overflow_large_starburst, uniq_erica,
          uniq_maggie, uniq_amaemon, uniq_pikel, uniq_psyche
D:9:      layout_irregular_city, due_lair_maze_entry_diamond, uniq_grum
D:10:     layout_roguey, zin_treasury, serial_bayou_pond_b
D:11:     gammafunk_sealed_arena, layout_cave_pools, zombieorc2_lemuel,
          portal_ice_cave_entry_pillars_2, kennysheep_generic_room_12,
          uniq_josephine, uniq_erolcha, uniq_maurice
Temple:   minmay_crystal_spiral_temple

Skill      XL: |  1  2  3  4  5  6  7  8  9 10 11 |
---------------+----------------------------------+-----
Transmutations | 3 4 5 6 7 |  7.0
Spellcasting   | 3 4 6 7 |  7.7
Poison Magic   | 1 2 5 |  5.0
Fighting       | 2 3 4 5 6 7 |  7.5
Unarmed Combat | 4 5 7 8 |  8.3
Ice Magic      | 2 3 |  3.0
Dodging        | 3 4 5 |  5.3
Conjurations   | 3 5 |  5.7
Air Magic      | 3 |  3.0
Evocations     | 3 |  3.7

Action                     |  1- 3 |  4- 6 |  7- 9 | 10-12 || total
---------------------------+-------+-------+-------+-------++-------
  Melee: Unarmed           |    88 |   197 |   258 |   325 ||   868
         Headbutt          |     7 |     2 |       |     1 ||    10
         Punch             |       |     1 |     5 |     3 ||     9
  Throw: Stone             |     4 |       |       |       ||     4
         Boomerang         |       |     3 |     2 |     1 ||     6
         Dart              |       |       |     1 |       ||     1
   Cast: Beastly Appendage |    10 |     5 |       |     1 ||    16
         Spider Form       |       |    15 |    16 |     6 ||    37
         Ice Form          |       |       |     5 |    22 ||    27
         Mephitic Cloud    |       |       |     2 |    25 ||    27
         Irradiate         |       |       |       |     1 ||     1
Ability: Spit Poison       |    20 |    28 |    11 |       ||    59
  Evoke: Wand              |       |       |     3 |     2 ||     5
    Use: Scroll            |       |     5 |    15 |     4 ||    24
         Potion            |       |       |     4 |     3 ||     7
   Stab: Confused          |       |       |     2 |    20 ||    22
 Armour: Robe              |    12 |    24 |    21 |    17 ||    74
         Skin              |       |     1 |    53 |    54 ||   108
         Troll leather arm |       |       |     6 |       ||     6
  Dodge: Dodged            |    47 |   134 |   195 |   201 ||   577
